 Dungeon Crawl Stone Soup version 0.23.2-33-g5129a83184 (webtiles) character file.

Game seed: 4027757691801190576

52 psyvane the Skirmisher (level 3, -1/39 HPs)
             Began as an Ogre Arcane Marksman on July 14, 2019.
             Slain by a gnoll
             ... wielding a +0 flail
              (13 damage)
             ... on level 2 of the Dungeon.
             The game lasted 00:08:01 (2282 turns).

psyvane the Skirmisher (Ogre Arcane Marksman)       Turns: 2282, Time: 00:08:02

Health: -1/39      AC:  3    Str: 15    XL:     3   Next: 85%
Magic:  6/13       EV: 10    Int: 14    God:
Gold:   22         SH:  0    Dex:  9    Spells: 1/4 levels left

rFire    . . .     SeeInvis .   e - +0 hand axe
rCold    . . .     Gourm    .   (no shield)
rNeg     . . .     Faith    .   a - +0 robe
rPois    .         Spirit   .   (helmet restricted)
rElec    .         Reflect  .   (no cloak)
rCorr    .         Harm     .   (gloves unavailable)
MR       .....                  (boots unavailable)
Stlth    +.........             (no amulet)
HPRegen  0.13/turn              b - ring of magical power
MPRegen  0.13/turn              (no ring)

@: lethally poisoned (-1 -> -2), very slightly contaminated
A: large, unfitting armour, tough skin 1
a: no special abilities


You were on level 2 of the Dungeon.
You were near starving.

You visited 1 branch of the dungeon, and saw 2 of its levels.

You collected 22 gold pieces.

Inventory:

Hand Weapons
 e - a +0 hand axe (weapon)
Missiles
 c - 4 large rocks (quivered)
 d - 2 throwing nets
Armour
 a - a +0 robe (worn)
Jewellery
 b - a ring of magical power (left hand)
 m - an uncursed amulet of the acrobat {unknown}
Scrolls
 h - a scroll of identify {unknown}
 i - a scroll of enchant weapon {unknown}
 j - a scroll of remove curse {unknown}
Potions
 g - 3 potions of heal wounds
 k - a potion of brilliance {unknown}
 l - a potion of flight {unknown}
Comestibles
 f - 4 rations


   Skills:
 * Level 3.7 Fighting
 - Level 2.0 Throwing
 - Level 1.7 Dodging
 - Level 1.2 Spellcasting
 - Level 3.4 Hexes


You had one spell level left.
You knew the following spells:

 Your Spells              Type           Power        Failure   Level  Hunger
a - Corona                Hex            ##.....      6%          1    ##.....
b - Slow                  Hex            ##......     10%         2    ###....

Your spell library contained the following spells:

 Spells                   Type           Power        Failure   Level  Hunger
 Inner Flame              Hex/Fire       #.......     36%         3    ####...
 Portal Projectile        Hex/Tloc       #.....       36%         3    ####...
 Cause Fear               Hex            ##........   54%         4    #####..
 Leda's Liquefaction      Hex/Erth       #.........   77%         4    #####..


Dungeon Overview and Level Annotations

Branches:
Dungeon (2/15)

Altars:


Innate Abilities, Weirdness & Mutations

You are too large for most types of armour.
You have tough skin. (AC +1)


Message History

You feel sick.
Casting: Slow (safe; 10% risk of failure)
Confirm with . or Enter, or press ? or * to list all spells.
Aiming: Slow (safe; 10% risk of failure)
Press: ? - help, Shift-Dir - straight line, f/p - gnoll
Aim: a gnoll, wielding a +0 flail and wearing an uncursed ring of wizardry (chance to defeat MR: 54%)
The gnoll seems to slow down.
Casting: Slow (safe; 10% risk of failure)
Confirm with . or Enter, or press ? or * to list all spells.
Aiming: Corona (safe; 6% risk of failure)
Press: ? - help, Shift-Dir - straight line, f/p - gnoll
Aim: a gnoll, wielding a +0 flail and wearing an uncursed ring of wizardry (slow, chance to defeat MR: 54%)
The gnoll struggles to resist.
The gnoll hits you but does no damage.
A gnoll comes into view. It is wielding a +0 spear.
You rip the net and break free!
The gnoll shouts!
You hit the gnoll.
The gnoll is moderately wounded.
You feel sick. The gnoll hits you with a +0 flail!
You die...

#...# ###.#######
#.......# #######.# #.#
#.# #.#
#(.###################.#
#.g..g@...............#
#..####################


You could see 2 gnolls.

Vanquished Creatures
  An adder (D:2)
  An ooze (D:1)
  A dart slug (D:1)
  2 leopard geckos (D:1)
  A giant cockroach (D:1)
  3 goblins
  A hobgoblin (D:1)
  5 jackals (D:1)
  8 kobolds (D:1)
  5 bats (D:1)
  3 frilled lizards (D:1)
  5 rats (D:1)
36 creatures vanquished.

Notes
Turn   | Place    | Note
-------+----------+-------------------------------------------
     0 | D:1      | psyvane the Ogre Arcane Marksman began the quest for the
                  | Orb.
     0 | D:1      | Reached XP level 1. HP: 19/19 MP: 2/2
   587 | D:1      | Reached XP level 2. HP: 8/27 MP: 3/3
   591 | D:1      | Learned a level 2 spell: Slow
  1349 | D:1      | Reached XP level 3. HP: 22/36 MP: 4/4
  2282 | D:2      | Slain by a gnoll

Skill      XL: |  1  2  3 |
---------------+----------+-----
Hexes          | 3 |  3.4
Fighting       | 2 3 |  3.7
Throwing       | |  2.0
Dodging        | |  1.7
Spellcasting   | |  1.2

Action                   || total
-------------------------++-------
Melee: Unarmed           ||    48
       Hand axe          ||    90
 Cast: Corona            ||    47
       Slow              ||    15
  Use: Potion            ||     2
  Eat: Chunk             ||     6
Armor: Robe              ||    60
Dodge: Dodged            ||   101
